 Dungeon Crawl Stone Soup version 0.19.1 (webtiles) character file.

14 M4edhros the Grave Robber (level 2, -8/17 HPs)
             Began as an Octopode Necromancer on Dec 10, 2016.
             Killed by nerve-wracking pain
             ... invoked by M4edhros's ghost
              (10 damage)
             ... on level 3 of the Dungeon.
             The game lasted 00:01:46 (244 turns).

M4edhros the Grave Robber (Octopode Necromancer)     Turns: 244, Time: 00:01:47

Health: -8/17      AC:  3    Str:  9    XL:     2   Next: 45%
Magic:  2/5        EV: 13    Int: 17    God:
Gold:   45         SH:  0    Dex: 12    Spells: 1 memorised, 4 levels left

rFire  . . .     SeeInvis .       - Unarmed
rCold  . . .     Gourm    .     (no shield)
rNeg   . . .     Faith    .     (helmet restricted)
rPois  .         Spirit   .     (no amulet)
rElec  .         Reflect  .     (no ring)
rCorr  .         Harm     .     (no ring)
MR     .....     Rnd*Rage +     (no ring)
Stlth  +++.......               (no ring)
                                (no ring)
                                (no ring)
                                (no ring)
                                (no ring)

@: no status effects
A: almost no armour, stealthy swim, amphibious, 8 rings, constrict 8, icy blue
scales 1, camouflage 1, berserk 1, strong 1, gelatinous body 1
a: no special abilities


You were on level 3 of the Dungeon.
You were not hungry.

You visited 1 branch of the dungeon, and saw 3 of its levels.

You collected 45 gold pieces.

Inventory:

Scrolls
 c - a scroll of amnesia {unknown}
 d - a scroll of identify {unknown}
 e - a scroll of enchant weapon {unknown}
Books
 a - a book of Necromancy

   Spells                             Type                      Level
   a - Pain                           Necromancy                   1
   b - Animate Skeleton               Necromancy                   1
   c - Vampiric Draining              Necromancy                   3
   d - Regeneration                   Charms/Necromancy            3
   e - Animate Dead                   Necromancy                   4
   f - Control Undead                 Necromancy                   4
Comestibles
 b - a bread ration


   Skills:
 - Level 2.0 Dodging
 - Level 2.6 Stealth
 + Level 2.0 Unarmed Combat
 - Level 2.0 Spellcasting
 - Level 4.0 Necromancy


You had 4 spell levels left.
You knew the following spells:

 Your Spells              Type           Power        Failure   Level  Hunger
a - Pain                  Necr           ###.         3%          1    #......


Dungeon Overview and Level Annotations

Branches:
Dungeon (3/15)

Altars:

Annotations:
D:3 M4edhros's ghost, weakling OpNe


Innate Abilities, Weirdness & Mutations

You cannot wear most types of armour.
You are very stealthy in the water. (Stealth+)
You are amphibious.
You can wear up to eight rings at the same time.
You can use your tentacles to constrict eight enemies at once.
Your skin changes colour to match your surroundings (Stealth+).
Your rubbery body absorbs attacks. (AC +1, EV +1)
You are partially covered in icy blue scales. (AC +2)
You tend to lose your temper in combat.
Your muscles are strong. (Str +2)


Message History

Aim: a bat (severely wounded, chance to defeat MR: 85%)
The bat writhes in agony!
You kill the bat!
You see here a goblin corpse.
You see here a green potion.
e - a scroll labeled OTYSTROL QYKKITT You see here a green potion.
f - a green potion M4edhros's ghost casts a spell at you.
Pain shoots through your body!
* * * LOW HITPOINT WARNING * * *
It was a potion of mutation.
You feel extremely strange.
You feel a little pissed off.
Icy blue scales grow over part of your body.
You feel stronger.
Okay, then.
M4edhros's ghost casts a spell at you. Pain shoots through your body!
Ouch! That really hurt!
You die...

..........#
..........#...
..............
......####..... .....##
#.#.### .#.### ...W.
##.# #####..###
##.######........# ..
................@#..#
##.##.##...........##
........#...†..........
..........>.......##....
......###..†....### ...
.......##.......# ..
...###......###.# .
.......>##..# #.#
...###......# .#


You could see M4edhros's ghost.

Vanquished Creatures
  A worm (D:2)
  A dart slug (D:1)
  2 jackals (D:1)
  2 bats
  3 goblins
  A rat (D:1)
10 creatures vanquished.

Notes
Turn   | Place    | Note
-------+----------+-------------------------------------------
     0 | D:1      | M4edhros the Octopode Necromancer began the quest for the Orb.
     0 | D:1      | Reached XP level 1. HP: 11/11 MP: 3/3
    15 | D:1      | Reached skill level 1 in Unarmed Combat
    47 | D:1      | Reached XP level 2. HP: 8/17 MP: 5/5
   202 | D:3      | Noticed M4edhros's ghost (weakling OpNe)
   243 | D:3      | Gained mutation: You tend to lose your temper in combat. [potion of mutation]
   243 | D:3      | Gained mutation: You are partially covered in icy blue scales. (AC +2) [potion of mutation]
   243 | D:3      | Gained mutation: Your muscles are strong. (Str +2) [potion of mutation]
   244 | D:3      | Killed from afar by M4edhros's ghost

Skill      XL: |  1  2 |
---------------+-------+-----
Unarmed Combat | 1 2 |  2.0
Dodging        | |  2.0
Stealth        | |  2.6
Spellcasting   | |  2.0
Necromancy     | |  4.0

Action                   || total
-------------------------++-------
Melee: Unarmed           ||    36
       Constrict         ||    12
       Tentacles         ||     4
 Cast: Pain              ||     4
  Use: Potion            ||     1
 Stab: Sleeping          ||     2
Armor: Skin              ||     8
Dodge: Dodged            ||    37
